 Dungeon Crawl Stone Soup version 0.31.0-9-g3a7656b989 (webtiles) character file.

Game seed: 12088904321899804663

88 qw the Shooter (level 4, -6/25 HPs)
             Began as a Deep Elf Hunter on Feb 2, 2024.
             Mangled by Sigmund
             ... wielding a +2 heavy scythe
              (13 damage)
             ... on level 3 of the Dungeon.
             The game lasted 00:00:07 (1596 turns).

qw the Shooter (Deep Elf Hunter)                    Turns: 1596, Time: 00:00:07

Health: -6/25      AC:  8    Str:  7 (10) XL:     4   Next: 30%
Magic:  6/6        EV: 10    Int: 13 (14) God:
Gold:   81         SH:  0    Dex: 16 (18) Spells: 3/3 levels left

rFire   . . .        a - +0 shortbow
rCold   . . .        (shield currently unavailable)
rNeg    . . .        l - +1 ring mail
rPois   .            g - +0 helmet
rElec   .            (no cloak)
rCorr   .            (no gloves)
SInv    .            f - +0 pair of boots
Will    .....        (no amulet)
Stlth   +            (no ring)
HPRegen 0.24/turn    (no ring)
MPRegen 0.10/turn

%: no passive effects
@: hasted, very quick
A: no striking features
a: no special abilities


You were on level 3 of the Dungeon.
You visited 1 branch of the dungeon, and saw 3 of its levels.

You collected 114 gold pieces.
You spent 33 gold pieces at shops.


   Skills:
 - Level 1.5 Fighting
 + Level 7.7 Ranged Weapons
 - Level 2.4 Dodging
 - Level 1.2 Stealth


You had 3 spell levels left.
You didn't know any spells.
Your spell library was empty.

Inventory:

Hand Weapons
 a - a +0 shortbow (weapon)
Armour
 b - a +0 pair of gloves
 f - a +0 pair of boots (worn)
 g - a +0 helmet (worn)
 l - a +1 ring mail (worn)
Jewellery
 d - an amulet of regeneration
Scrolls
 c - a scroll of teleportation
 e - 2 scrolls of identify
Potions
 p - 2 potions of curing

Dungeon Overview and Level Annotations

Branches:
Dungeon (3/15)

Altars:

Shops:
D:1 =   D:2 !

Annotations:
D:3 2 transporters, Sigmund; qw's ghost, amateur SpHu


Message History

You shoot an arrow. The endoplasm quivers.
The arrow hits the endoplasm.
The endoplasm is severely wounded.
You shoot an arrow. The arrow hits the endoplasm!
You kill the endoplasm!
You now have 81 gold pieces (gained 13).
Sigmund the Dreaded comes into view.
He is wielding a +2 heavy scythe and wearing a +2 robe of willpower.
Sigmund shouts!
1583 ||| DRINKING potion of haste.
You feel yourself speed up.
You shoot an arrow. The arrow closely misses Sigmund.
You shoot an arrow. The arrow hits Sigmund.
Sigmund is lightly wounded.
You shoot an arrow. The arrow hits Sigmund.
Sigmund is moderately wounded.
You shoot an arrow. The arrow closely misses Sigmund.
You shoot an arrow.
The arrow hits Sigmund but does no damage.
Sigmund is lightly wounded.
Sigmund looks at you with fury.
Sigmund hits you from afar with a +2 heavy scythe!
You shoot an arrow. The arrow closely misses Sigmund.
You shoot an arrow. The arrow hits Sigmund.
Sigmund is moderately wounded.
Sigmund closely misses you.
You shoot an arrow. The arrow closely misses Sigmund.
You shoot an arrow. The arrow closely misses Sigmund.
You shoot an arrow. The arrow hits Sigmund.
Sigmund is moderately wounded.
You shoot an arrow. The arrow hits Sigmund.
Sigmund is heavily wounded.
Sigmund hits you from afar with a +2 heavy scythe!
You shoot an arrow. The arrow barely misses Sigmund.
You shoot an arrow.
The arrow hits Sigmund but does no damage.
Sigmund is heavily wounded.
Sigmund hits you from afar with a +2 heavy scythe!
Ouch! That really hurt!
You die...
Sigmund begins carving another notch in his scythe.

#. ## #. #. # .....
.# #. ##. #.# #.#
.##. #.. ..... ...
..#.
..##.###.###.##...
#.#@..........#.#.
#...##.###.##...#.
##@#.#.......#.#.#.
#..#...##.##...#...
##.#.#.#...#.#.#.#.
#...#...#...#...#.
##.#.#.#...#.#.#.#.
#..#...##.##...#...
##.#.#.......#.#.#.
#...##.###.##...#.
##.#...........#.#.


You could see Sigmund.

Vanquished Creatures
  4 adders
  2 ribbon worms (D:2)
  6 ball pythons
  7 endoplasms
  2 giant cockroaches
  5 goblins
  4 hobgoblins
  A jackal (D:3)
  5 kobolds
  4 quokkas
  3 bats
  2 rats (D:2)
45 creatures vanquished.

Notes
Turn   | Place    | Note
-------+----------+-------------------------------------------
     0 | D:1      | qw the Deep Elf Hunter began the quest for the Orb.
     0 | D:1      | Reached XP level 1. HP: 12/12 MP: 3/3
     0 | D:1      | 0 ||| qw: Version: 0.3-a-155-g5e7d8dd
     0 | D:1      | 0 ||| qw: Game counter: 1489
     0 | D:1      | 0 ||| qw: Melee chars always use a shield: true
     0 | D:1      | 0 ||| qw: God list: Okawaru
     0 | D:1      | 0 ||| qw: Allow faded altars: false
     0 | D:1      | 0 ||| qw: Do Orc after clearing Dungeon:15 true
     0 | D:1      | 0 ||| qw: Do second Lair branch before Depths: true
     0 | D:1      | 0 ||| qw: Lair rune preference: random
     0 | D:1      | 0 ||| qw: Goals: Normal
     0 | D:1      | 0 ||| PLANNING D:1-11
   109 | D:1      | Reached XP level 2. HP: 16/16 MP: 4/4
   113 | D:1      | Reached skill level 6 in Ranged Weapons
   192 | D:1      | Found Simiar's Jewellery Emporium.
   201 | D:1      | 201 ||| SHOPLISTING +6 ring of strength (504 gold, have
                  | 33).
   201 | D:1      | 201 ||| SHOPLISTING amulet of guardian spirit (420 gold,
                  | have 33).
   201 | D:1      | 201 ||| SHOPLISTING ring of protection from fire (350 gold,
                  | have 33).
   201 | D:1      | 201 ||| SHOPLISTING ring of resist corrosion (280 gold,
                  | have 33).
   498 | D:1      | 498 ||| UPGRADING to +0 scale mail.
   508 | D:1      | 508 ||| DROPPING +0 leather armour.
   509 | D:1      | 509 ||| DROPPING scarf of shadows.
   510 | D:1      | 510 ||| UPGRADING to +0 ring mail.
   520 | D:1      | 520 ||| DROPPING +0 scale mail.
   521 | D:1      | 521 ||| DROPPING ring of flight.
   522 | D:1      | 522 ||| READING scroll labelled RYP LOIPLEALEL.
   522 | D:1      | 522 ||| ENCHANTING +0 ring mail.
   523 | D:1      | 523 ||| READING scroll labelled KUXUNO BUNUSUKK.
   552 | D:1      | 552 ||| READING scroll labelled NOHUOR NIMAM.
   553 | D:1      | 553 ||| READING 2 scrolls labelled GEONLE DOMMUFF.
   554 | D:1      | 554 ||| READING scroll labelled BOMEDI VEXZI.
   554 | D:1      | 554 ||| IDENTIFYING brown potion
   555 | D:1      | 555 ||| DRINKING 2 puce potions.
   556 | D:1      | 556 ||| DRINKING 2 clear potions.
   557 | D:1      | 557 ||| DRINKING 2 gluggy blue potions.
   558 | D:1      | 558 ||| DROPPING scroll of butterflies.
   559 | D:1      | 559 ||| DROPPING potion of degeneration.
   560 | D:1      | 560 ||| DROPPING potion of attraction.
   561 | D:1      | 561 ||| DROPPING scroll of fog.
   582 | D:2      | Found Gaaqui's Distillery.
   597 | D:2      | 597 ||| SHOPLISTING 2 potions of mutation (176 gold, have
                  | 62).
   597 | D:2      | 597 ||| BUYING potion of curing (33 gold).
   597 | D:2      | Bought a potion of curing for 33 gold pieces
   597 | D:2      | 597 ||| SHOPLISTING potion of curing (33 gold, have 29).
   597 | D:2      | 597 ||| SHOPLISTING potion of enlightenment (55 gold, have
                  | 29).
   597 | D:2      | 597 ||| SHOPLISTING potion of mutation (88 gold, have 29).
   702 | D:2      | Reached XP level 3. HP: 20/20 MP: 5/5
   775 | D:2      | Reached skill level 7 in Ranged Weapons
   775 | D:2      | 775 ||| DRINKING 3 potions of curing.
   775 | D:2      | 775 ||| (to cure poison)
  1216 | D:2      | Reached XP level 4. HP: 23/25 MP: 6/6
  1232 | D:2      | 1232 ||| UPGRADING to +0 pair of boots.
  1237 | D:2      | 1237 ||| UPGRADING to +0 helmet.
  1242 | D:2      | 1242 ||| READING 6 scrolls of identify.
  1242 | D:2      | 1242 ||| IDENTIFYING fuming green potion
  1243 | D:2      | 1243 ||| READING 5 scrolls of identify.
  1243 | D:2      | 1243 ||| IDENTIFYING scroll labelled OTOTZOUPRY
  1244 | D:2      | 1244 ||| READING 4 scrolls of identify.
  1244 | D:2      | 1244 ||| IDENTIFYING scroll labelled OGIKHL KINYUBIS
  1245 | D:2      | 1245 ||| DROPPING scroll of immolation.
  1246 | D:2      | 1246 ||| DROPPING potion of berserk rage.
  1345 | D:3      | Found a transporter.
  1350 | D:3      | Found a faded altar of an unknown god.
  1385 | D:3      | Found a transporter.
  1387 | D:3      | Noticed qw's ghost (amateur SpHu)
  1392 | D:3      | 1392 ||| READING 3 scrolls of identify.
  1392 | D:3      | 1392 ||| IDENTIFYING scroll labelled WAONOT OCHOUPEDILO
  1393 | D:3      | 1393 ||| DROPPING scroll of amnesia.
  1582 | D:3      | Noticed Sigmund
  1583 | D:3      | 1583 ||| DRINKING potion of haste.
  1596 | D:3      | Mangled by Sigmund

Levels and vault maps discovered:
D:1:      dpeg_arrival_leaves_temple_mockup, layout_rooms, serial_shops, shop
D:2:      layout_rooms, serial_shops, shop, grunt_decor_cap,
          kennysheep_generic_room_12
D:3:      layout_basic, old_standard_altar, ebering_ecumenical_altar_petrified,
          gammafunk_ghost_arena, nicolae_concentric_dashed_squares_mild,
          minmay_misc_feat_tiny, minmay_increasing_density, uniq_sigmund,
          uniq_robin

Skill      XL: |  1  2  3 |
---------------+----------+-----
Ranged Weapons | 6 7 |  7.7
Fighting       | |  1.5
Dodging        | |  2.4
Stealth        | |  1.2

Action                     |  1- 3 |  4- 6 || total
---------------------------+-------+-------++-------
   Fire: Shortbow          |   117 |    59 ||   176
    Use: Scroll            |     5 |     4 ||     9
         Potion            |     4 |     1 ||     5
 Armour: Leather armour    |     6 |       ||     6
         Ring mail         |    27 |    17 ||    44
  Dodge: Dodged            |    22 |    21 ||    43

Table legend:
 A = Non-vault XP
 B = Vault XP
 C = Vault XP percentage of total XP
 D = Non-vault monster count
 E = Vault monster count
 F = Vault count percentage of total count
                 A         B        C        D         E       F
            +---------+---------+-------+---------+---------+-------
      Total |     115 |      12 |   9.4 |      38 |       7 |  15.6
            +---------+---------+-------+---------+---------+-------
        D:1 |      27 |       0 |   0.0 |      14 |       0 |   0.0
        D:2 |      68 |       2 |   2.9 |      19 |       2 |   9.5
        D:3 |      20 |      10 |  33.3 |       5 |       5 |  50.0
            +---------+---------+-------+---------+---------+-------
